 Dungeon Crawl Stone Soup version 0.25-a0-843-g6944ee31a2 (webtiles) character file.

Game seed: 5910959446196521979, levelgen mode: deterministic

175 Esekla the Magician (level 5, -16/28 HPs)
             Began as a Tengu Ice Elementalist on Apr 26, 2020.
             Demolished by an ogre
             ... wielding a +0 giant club
              (18 damage)
             ... on level 4 of the Dungeon.
             The game lasted 00:14:26 (1679 turns).

Esekla the Magician (Tengu Ice Elementalist)        Turns: 1679, Time: 00:14:28

Health: -16/28     AC:  8    Str:  9    XL:     5   Next: 55%
Magic:  2/12       EV: 15    Int: 16    God:
Gold:   106        SH:  0    Dex: 14    Spells: 5/12 levels left

rFire    . . .     SeeInvis .   d - +0 dagger (flame)
rCold    . . .     Gourm    .   (no shield)
rNeg     . . .     Faith    .   a - +1 robe
rPois    .         Spirit   .   (helmet restricted)
rElec    .         Reflect  .   (no cloak)
rCorr    .         Harm     .   (no gloves)
MR       .....     Rnd*Tele +   (boots unavailable)
Stlth    ++........             (no amulet)
HPRegen  0.09/turn              f - ring of teleportation (curse)
MPRegen  0.13/turn              (no ring)

@: lethally poisoned (-16 -> -20), icy armour, frozen ramparts, flying quickly
and evasively, quick
A: beak, talons 3, able to fly
a: Fly


You were on level 4 of the Dungeon.
You were hungry.

You visited 1 branch of the dungeon, and saw 4 of its levels.

You collected 106 gold pieces.

Inventory:

Hand Weapons
 d - a +0 dagger of flaming (weapon)
 g - a +0 dagger of freezing
Armour
 a - a +1 robe (worn)
Jewellery
 f - a cursed ring of teleportation (left hand)
Potions
 b - a potion of stabbing
 i - a potion of cancellation
Comestibles
 c - 2 rations
 j - a chunk of flesh


   Skills:
 + Level 0.1 Fighting
 + Level 0.6 Short Blades
 * Level 2.0 Armour
 + Level 2.8 Dodging
 - Level 2.0 Stealth
 * Level 4.1 Spellcasting
 * Level 0.9 Charms
 - Level 3.6 Ice Magic


You had 5 spell levels left.
You knew the following spells:

 Your Spells              Type           Power        Failure   Level  Hunger
a - Ozocubu's Armour      Chrm/Ice       ##......     21%         3    ###....
c - Freeze                Ice            ##..         3%          1    None
r - Frozen Ramparts       Ice            ##....       12%         3    ###....

Your spell library contained the following spells:

 Spells                   Type           Power        Failure   Level  Hunger
 Hailstorm                Conj/Ice       #.......     61%         4    ####...
 Summon Ice Beast         Ice/Summ       #.......     61%         4    ####...


Dungeon Overview and Level Annotations

Branches:
Dungeon (4/15)
 Temple: D:4-7

Altars:

Annotations:
D:2 Terence


Innate Abilities, Weirdness & Mutations

You have a beak for a mouth.
You have claws for feet.
You can fly continuously.


Message History

You hit the ogre. You burn the ogre.
The ogre is severely wounded.
The frozen ramparts melt away.
* * * LOW HITPOINT WARNING * * *
You feel sick. The ogre closely misses you.
Casting: Frozen Ramparts (mildly dangerous; 12% risk of failure)
Confirm with . or Enter, or press ? or * to list all spells.
The walls around you are covered in ice.
The leopard gecko skeleton completely resists.
The wall freezes the leopard gecko skeleton but do no damage.
The wall freezes the ogre.
The ogre misses you.
The wall freezes the worm.
Your magical contamination has completely faded away.
You hit the ogre. You burn the ogre. You claw the ogre, but do no damage.
The ogre is almost dead.
The leopard gecko skeleton completely resists.
The wall freezes the leopard gecko skeleton but do no damage.
The wall freezes the ogre.
The ogre hits you with a +0 giant club!!
Ouch! That really hurt!
You die...

#####.#.#
.........
........#####
###....Z....#
#.<.........#
#.#....w##O.#
##........#
......#.##.#####
..#####.##wZO@.#
# #.######.# #.#
... ... ###.#
... # ..


You could see an ogre, a worm and a leopard gecko skeleton.

Vanquished Creatures
  A sky beast (D:2)
  A worker ant (D:4)
  2 adders
  A worm (D:2)
  A dart slug (D:1)
  A leopard gecko (D:1)
  2 ball pythons
  9 bats
  5 goblins
  4 hobgoblins (D:1)
  2 jackals (D:4)
  4 frilled lizards
  6 kobolds (D:1)
  3 rats
42 creatures vanquished.

Notes
Turn   | Place    | Note
-------+----------+-------------------------------------------
     0 | D:1      | Esekla the Tengu Ice Elementalist began the quest for the
                  | Orb.
     0 | D:1      | Reached XP level 1. HP: 10/10 MP: 4/4
   558 | D:1      | Reached skill level 1 in Armour
   558 | D:1      | Reached XP level 2. HP: 15/15 MP: 3/6
   870 | D:1      | Reached XP level 3. HP: 19/19 MP: 8/8
   875 | D:1      | Learned a level 3 spell: Frozen Ramparts
   879 | D:1      | Learned a level 3 spell: Ozocubu's Armour
  1156 | D:2      | Reached skill level 3 in Spellcasting
  1173 | D:2      | Noticed a sky beast
  1194 | D:2      | Killed a sky beast
  1194 | D:2      | Reached XP level 4. HP: 2/24 MP: 1/10
  1194 | D:2      | Gained mutation: You can fly continuously. [Tengu growth]
  1194 | D:2      | Reached XP level 5. HP: 3/28 MP: 1/11
  1428 | D:2      | Noticed Terence
  1559 | D:3      | Reached skill level 4 in Spellcasting
  1661 | D:4      | Noticed an ogre
  1677 | D:4      | HP: 1/28 [poisoned by a worker ant]
  1679 | D:4      | Demolished by an ogre

Levels and vault maps discovered:
D:1:      minmay_arrival_four_loops, layout_basic, minmay_tiny_reverse_x
D:2:      layout_basic, uniq_terence
D:3:      layout_loops_cross, lemuel_doored_altar,
          lemuel_coloured_pillars_altar, first_ration,
          chequers_ecumenical_altar_simple
D:4:      layout_loops_cross, minmay_temple_entry_antechambers

Skill      XL: |  1  2  3  4  5 |
---------------+----------------+-----
Armour         | 1 2 |  2.0
Spellcasting   | 3 4 |  4.1
Fighting       | |  0.1
Short Blades   | |  0.6
Dodging        | |  2.8
Stealth        | |  2.0
Charms         | |  0.9
Ice Magic      | |  3.6

Action                   |  1- 3 |  4- 6 || total
-------------------------+-------+-------++-------
Melee: Dagger            |    45 |    25 ||    70
       Kick              |     7 |     5 ||    12
       Peck              |       |     2 ||     2
 Cast: Freeze            |    25 |       ||    25
       Frozen Ramparts   |     2 |     5 ||     7
       Ozocubu's Armour  |     2 |     2 ||     4
  Use: Scroll            |     3 |     4 ||     7
       Potion            |       |     1 ||     1
 Stab: Sleeping          |     3 |     2 ||     5
  Eat: Chunk             |     1 |     2 ||     3
Armor: Robe              |    18 |     7 ||    25
Dodge: Dodged            |    40 |    20 ||    60

Table legend:
 A = Non-vault XP
 B = Vault XP
 C = Vault XP percentage of total XP
 D = Non-vault monster count
 E = Vault monster count
 F = Vault count percentage of total count
                 A         B        C        D         E       F
            +---------+---------+-------+---------+---------+-------
      Total |     249 |       2 |   0.8 |      40 |       2 |   4.8
            +---------+---------+-------+---------+---------+-------
        D:1 |      39 |       2 |   4.9 |      24 |       2 |   7.7
        D:2 |     157 |       0 |   0.0 |      10 |       0 |   0.0
        D:3 |      14 |       0 |   0.0 |       2 |       0 |   0.0
        D:4 |      39 |       0 |   0.0 |       4 |       0 |   0.0
            +---------+---------+-------+---------+---------+-------
